 Dungeon Crawl Stone Soup version 0.18.1-48-g4cf74bf (webtiles) character file.

14241870 Liquid the Axe Maniac (level 27, 273/273 HPs)
             Began as a Centaur Hunter on June 27, 2016.
             Was a High Priest of Okawaru.
             Escaped with the Orb
             ... and 15 runes on July 1, 2016!
             The game lasted 08:11:31 (111689 turns).

Liquid the Axe Maniac (Centaur Hunter)            Turns: 111689, Time: 08:11:32

Health: 273/273    AC: 52    Str: 26    XL:     27
Magic:  34/41      EV: 41    Int: 16    God:    Okawaru [*****.]
Gold:   6574       SH:  0    Dex: 21    Spells: 7 memorised, 34 levels left

rFire  + + +     SeeInvis .     N - +11 battleaxe of the Seer {chop, rF+}
rCold  + + .     Gourm    .     i - +10 pearl dragon armour
rNeg   + + .     Faith    .     (shield currently unavailable)
rPois  +         Spirit   +     K - +2 hat of the Bear Spirit {Spirit, +Rage rN+ MR++}
rElec  +         Dismiss  .     S - +2 cloak "Cumames" {MR+}
rCorr  +         Reflect  .     D - +2 pair of gloves {archery}
SustAt .         Harm     .     W - +4 centaur barding {rC+}
MR     +++++                    R - amulet of regeneration
Stlth  +.........               Z - ring of Fedhas's Displeasure {rElec rF++ Stlth+}
                                L - ring of Shaolin {EV+8}

@: mighty, brilliant, agile, resistant, heroism, finesse, flying, very slightly
contaminated, hasted, repel missiles, very quick, almost entirely resistant to
hostile enchantments, very unstealthy
A: hooves 3, deformed body, speed 2, tough skin 3
a: Heroism, Finesse, Renounce Religion, Evoke Berserk Rage
0: Orb of Zot
}: 15/15 runes: barnacled, slimy, silver, golden, iron, obsidian, icy, bone,
abyssal, demonic, glowing, magical, fiery, dark, gossamer


You escaped.
You worshipped Okawaru.
Okawaru was extremely pleased with you.
You were not hungry.

You visited 18 branches of the dungeon, and saw 93 of its levels.
You visited Pandemonium 1 time, and saw 20 of its levels.
You visited the Abyss 5 times.
You visited 1 bazaar.
You visited 1 ziggurat, and saw 11 of its levels.
You also visited: Labyrinth, Trove, Ice Cave and Wizlab.

You collected 14671 gold pieces.
You spent 8097 gold pieces at shops.

Inventory:

Hand Weapons
 l - the +8 executioner's axe "Dorphooho" {freeze, rPois rC+ MR+ Int-2}
   (Okawaru gifted it to you on level 2 of the Spider Nest)

   It has been specially enchanted to freeze those struck by it, causing extra
   injury to most foes and up to half again as much damage against particularly
   susceptible opponents.
   It can also slow down cold-blooded creatures.
   It affects your intelligence (-2).
   It protects you from cold.
   It protects you from poison.
   It affects your resistance to hostile enchantments.
 r - the +8 Wrath of Trog {antimagic, *Rage}
   (You found it on level 3 of the Crypt)

   It disrupts the flow of magical energy around spellcasters and certain
   magical creatures (including the wielder).
   It may make you go berserk in combat.
 I - a +9 longbow of flaming
 N - the +11 battleaxe of the Seer (weapon) {chop, rF+}
   (You found it on level 6 of the Pits of Slime)

   It inflicts extra damage upon your enemies.
   It protects you from fire.
Missiles
 d - 796 arrows
Armour
 i - a +10 pearl dragon armour (worn)
 D - a +2 pair of gloves of archery (worn)
 G - the +8 orange crystal plate armour {Archmagi, Int+3 Clar SustAt}
   (You bought it in a shop on level 11 of the Dungeon)

   It affects your intelligence (+3).
   It sustains your strength, intelligence and dexterity.
   It protects you against confusion.
 K - the +2 hat of the Bear Spirit (worn) {Spirit, +Rage rN+ MR++}
   (You bought it in a shop on level 2 of the Orcish Mines)

   It protects you from negative energy.
   It affects your resistance to hostile enchantments.
   It lets you go berserk.
 S - the +2 cloak "Cumames" (worn) {MR+}
   (You bought it in a shop on level 2 of the Orcish Mines)

   It affects your resistance to hostile enchantments.
 W - a +4 centaur barding of cold resistance (worn)
Jewellery
 a - an uncursed ring of positive energy
 o - the ring "Uceosir" {SustAt Str+4}
   (You found it on level 3 of the Tomb of the Ancients)

   [ring of sustain attributes]

   It sustains your strength, intelligence and dexterity.
   It affects your strength (+4).
 s - the ring of Wayts {Int+2 Dex+7 SInv}
   (You found it on level 7 of Cocytus)

   [ring of see invisible]

   It affects your intelligence (+2).
   It affects your dexterity (+7).
   It lets you see invisible.
 B - the ring "Ycaroch" {Ice Dex+3}
   (You found it in Pandemonium)

   [ring of ice]

   It enhances your ice magic, and weakens your fire magic.
   It affects your dexterity (+3).
   It makes you vulnerable to fire.
   It protects you from cold.
 F - an uncursed ring of protection from cold
 L - the ring of Shaolin (left hand) {EV+8}
   (You acquired it on level 6 of the Pits of Slime)

   [ring of evasion]

   It affects your evasion (+8).
 R - an amulet of regeneration (around neck)
 U - an uncursed ring of resist corrosion
 Z - the ring of Fedhas's Displeasure (right hand) {rElec rF++ Stlth+}
   (You found it in Pandemonium)

   [ring of stealth]

   It greatly protects you from fire.
   It insulates you from electricity.
   It makes you more stealthy.
Wands
 n - a wand of teleportation (3/9)
 w - a wand of disintegration (13/24)
 y - a wand of heal wounds (6/9)
 C - a wand of digging (16/24)
Scrolls
 b - 11 scrolls of fog
 c - a scroll of recharging
 h - 4 scrolls of blinking
 q - 25 scrolls of remove curse
 x - 6 scrolls of fear
 Q - 9 scrolls of summoning
 V - 12 scrolls of teleportation
 X - 3 scrolls of holy word
 Y - a scroll of silence
Potions
 g - 2 potions of curing
 j - 3 potions of flight
 k - 7 potions of invisibility
 u - 9 potions of lignification
 v - a potion of cure mutation
 A - 4 potions of agility
 H - 2 potions of magic
 O - 8 potions of brilliance
 P - 6 potions of cancellation
 T - 2 potions of resistance
Miscellaneous
 p - a figurine of a ziggurat
 J - a legendary deck of defence {the Shadow}
 M - a legendary deck of escape {Famine}
Comestibles
 f - 2 bread rations
 t - 33 meat rations


   Skills:
 O Level 27 Fighting
 O Level 27 Axes
 O Level 27 Bows
 + Level 19.8(24.8) Armour
 + Level 22.0(27) Dodging
 - Level 0.5(5.5) Stealth
 - Level 14.1 Spellcasting
 - Level 13.0 Hexes
 - Level 10.1 Charms
 - Level 9.1 Necromancy
 - Level 10.1 Translocations
   Level 1.4 Ice Magic
 - Level 13.0 Air Magic
 - Level 10.6 Invocations


You had 34 spell levels left.
You knew the following spells:

 Your Spells              Type           Power        Failure   Level  Hunger
a - Passage of Golubria   Tloc           N/A          1%          4    ##.....
b - Regeneration          Chrm/Necr      ######....   1%          3    None
c - Spectral Weapon       Hex/Chrm       ######..     1%          3    None
d - Song of Slaying       Chrm           ######..     1%          2    None
e - Apportation           Tloc           ######....   1%          1    None
f - Repel Missiles        Chrm/Air       ######       1%          2    None
g - Silence               Hex/Air        ######....   1%          5    ####...


Dungeon Overview and Level Annotations

Branches:
Dungeon (15/15)            Temple (1/1) D:5            Lair (8/8) D:10
 Shoals (4/4) Lair:3       Spider (4/4) Lair:6        Slime (6/6) Lair:8
    Orc (2/2) D:10            Elf (3/3) Orc:2        Vaults (5/5) D:13
  Crypt (3/3) Vaults:3       Tomb (3/3) Crypt:3      Depths (5/5) D:15
   Hell (1/1)                 Dis (7/7) Hell            Geh (7/7) Hell
    Coc (7/7) Hell            Tar (7/7) Hell            Zot (5/5) Depths:5

Altars:
Ashenzari
Cheibriados
Dithmenos
Elyvilon
Fedhas
Gozag
Kikubaaqudgha
Makhleb
Nemelex Xobeh
Okawaru
Pakellas
Qazlal
Ru
Sif Muna
Trog
Vehumet
Xom
Yredelemnul
Zin
The Shining One
Beogh
Jiyva

Shops:
D:9 [   D:11 [   D:12 :   Orc:2 [([(:[(=   Elf:3 ?   Shoals:1 (   Shoals:3 :
Vaults:3 }   Depths:2 ![=%?

Portals:
Hell: Depths:1 Depths:2 Depths:3 Depths:4 Depths:5
Abyss: Depths:3 Depths:4
Pandemonium: Depths:3 Depths:4


Innate Abilities, Weirdness & Mutations

You have hooves in place of feet.
Armour fits poorly on your strangely shaped body.
You cover ground very quickly.
You have extremely tough skin (AC +3).


Message History

Drink which item? (? for menu, Esc to quit)
You feel very buoyant.
You fly up into the air.
Drink which item? (? for menu, Esc to quit)
You feel agile all of a sudden.
Drink which item? (? for menu, Esc to quit)
You feel yourself speed up.
You are very lightly contaminated with residual magic.
Drink which item? (? for menu, Esc to quit)
You feel protected.
Drink which item? (? for menu, Esc to quit)
You feel clever all of a sudden.
Read which item? (? for menu, Esc to quit)
Okay, then.
You gain the combat prowess of a mighty hero.
You feel slightly more hungry.
A red devil comes into view. It is wielding a trident.
You can now deal lightning-fast blows.
You feel somewhat more hungry.
You have escaped!

.##....#.# #.# #.#
.......#.##################.###.#
...............................>#
.........###############.#......#
#####.#..###.........###.#......#
....(....##..≈≈≈≈≈≈≈..##.#......#
#####.##)#..≈≈...♣.≈≈..#.#......#
...........≈≈.......≈≈...#......#
#####.###.≈≈..8.@..♣.≈≈..#......#
#..##.≈..♣.....8..≈..#......#
##.##.≈...........≈..#......#
#..#.≈≈.........≈≈..#.......
#######.#..≈4..8....≈≈...#.......
.........#..≈≈.....≈≈....#.......
.......#.#...≈≈≈.≈≈≈.....#.......
.......#.............[...........
.......##............#.....######


You could see a red devil.

Vanquished Creatures
  Cerebov (Pan)
  the Royal Jelly (Slime:6)
  Antaeus (Coc:7)
  Asmodeus (Geh:7)
  Ereshkigal (Tar:7)
  Gloorx Vloq (Pan)
  the Serpent of Hell (Tar:7)
  Mnoleg (Pan)
  Lom Lobon (Pan)
  Dispater (Dis:7)
  Khufu (Tomb:1)
  4 orbs of fire
  Mara (Crypt:1)
  A juggernaut (Zig:3)
  6 ancient liches
  27 greater mummies
  Sojobo (Crypt:1)
  3 shard shrikes
  Boris (twice) (Depths:3 Depths:4)
  Margery (Crypt:1)
  9 Killer Klowns
  7 pandemonium lords
  Nikola (Spider:1)
  Geryon (Hell)
  Jory (Depths:3)
  4 golden dragons
  6 iron giants (Dis:7)
  10 bone dragons
  Arachne (Spider:2)
  18 Tzitzimimeh
  3 doom hounds
  Xtahua (Vaults:4)
  The ghost of dvd the Severer, an adept HOGl of Beogh (Vaults:2)
  10 Brimstone Fiends
  Jorgrun (Shoals:4)
  An electric golem (Zot:5)
  6 tentacled monstrosities
  21 liches
  15 Hell Sentinels
  29 Orb Guardians
  The ghost of nikopol the Severer, an adept MiBe of Trog (Elf:3)
  2 quicksilver dragons (Vaults:5)
  4 deep elf blademasters
  18 Ice Fiends
  2 eldritch tentacles
  2 deep elf master archers (Elf:3)
  11 titans
  4 death cobs
  The ghost of sveltemanboy the Bludgeoner, an adept OgHu of Okawaru (Spider:2)
  14 acid blobs
  A kraken (Shoals:4)
  14 sphinxes
  Frances (D:13)
  10 tentacled starspawn
  Gastronok (Lair:1)
  23 Executioners
  12 shadow dragons
  A thorn hunter (Depths:2)
  2 ancient champions
  7 tengu reavers
  13 storm dragons
  4 draconian monks
  9 fire giants
  2 greater nagas (Zig:5)
  2 daevas
  9 azure jellies
  6 revenants
  Donald (Spider:4)
  An orc warlord (Orc:2)
  Wiglaf (Vaults:1)
  17 frost giants
  Ilsuiw (Shoals:3)
  2 draconian knights
  7 warmongers (Pan)
  22 balrugs
  A draconian scorcher (Zig:6)
  12 deep elf sorcerers
  4 ghost moths
  7 chaos champions
  17 vault wardens
  A caustic shrike zombie (Hell)
  15 cacodemons
  4 curse skulls
  12 iron dragons
  6 deep elf elementalists
  The ghost of dvd the Earth Mage, an adept GrEE of Okawaru (Spider:2)
  3 draconian annihilators
  The ghost of Wardy the Warrior, a journeyman MiFi of Okawaru (Depths:1)
  14 war gargoyles
  48 reapers
  A draconian caller (Zot:3)
  9 emperor scorpions
  19 ironheart preservers
  43 very ugly things
  3 elemental wellsprings
  20 stone giants
  A juggernaut skeleton (Crypt:2)
  12 vampire knights
  2 apis (shapeshifter) (Abyss:4)
  2 blood saints
  8 deep elf demonologists
  2 black draconians
  6 corrupters
  A green draconian (Zot:3)
  Nessos (D:15)
  8 bennus
  Azrael (Spider:1)
  7 salamander stormcallers
  49 starcursed masses
  4 yellow draconians
  7 lorocyprocas
  12 deep elf annihilators
  5 mottled draconians
  4 purple draconians
  5 spark wasps
  3 white draconians (Depths:5)
  5 black suns (Pan)
  The ghost of Aquadorian the Fencer, a journeyman MiFi of Okawaru (Lair:2)
  19 ettins
  8 red draconians
  A minotaur (Lab)
  3 merfolk javelineers
  A crystal guardian (Abyss:3)
  An eidolon (Crypt:3)
  11 green deaths
  13 deep elf death magi
  34 vault guards
  15 merfolk impalers
  27 blizzard demons
  6 quicksilver dragon zombies
  28 mummy priests
  Snorg (D:13)
  7 death oozes
  17 fire dragons
  15 entropy weavers
  5 jiangshi (Crypt:1)
  10 deep elf high priests
  12 yaktaur captains
  10 great orbs of eyes
  The ghost of kirsanium the Transmogrifier, a journeyman DrTm of Okawaru (Lair:3)
  A naga warrior (Zig:5)
  A quicksilver dragon skeleton (Geh:7)
  11 rakshasas
  A hydra (shapeshifter) (Abyss:4)
  4 hydras
  4 spriggan air magi
  Harold (Lair:1)
  33 ice dragons
  6 hell beasts
  6 merfolk avatars
  5 monstrous demonspawn
  4 death knights
  A ghost crab (Tar:3)
  17 ogre magi
  8 merfolk aquamancers
  12 centaur warriors
  7 deep troll shamans
  A satyr (Shoals:4)
  A hell hog (shapeshifter) (Abyss:3)
  3 vampire magi
  6 tengu warriors
  2 orc high priests
  A naga sharpshooter (Zig:5)
  36 dancing weapons
  17 death yaks
  11 deep troll earth magi
  18 hell hogs
  21 thrashing horrors
  38 hell knights
  The ghost of TBriggs11TB the Fighter, a novice DrCK of Xom (D:6)
  7 titan zombies
  5 storm dragon zombies
  9 iron golems
  24 soul eaters
  51 sun demons
  The ghost of PeterLawrence the Basher, a novice MiFi of Okawaru (D:7)
  17 deep elf knights
  A spriggan berserker (Depths:5)
  Nergalle (D:12)
  118 skeletal warriors
  14 wretched stars
  2 salamander mystics
  26 deep trolls
  4 storm dragon skeletons
  A fire crab (shapeshifter) (Vaults:3)
  A spark wasp zombie (Hell)
  16 shadow wraiths
  12 iron trolls
  4 spatial maelstroms
  A fire crab (Vaults:3)
  A ghost moth zombie (Geh:5)
  39 death scarabs
  3 golden dragon zombies
  A sea snake (shapeshifter) (Elf:3)
  5 unseen horrors
  6 titan skeletons
  A death drake (Abyss:3)
  12 sea snakes
  A kraken simulacrum (Hell)
  A deep troll (shapeshifter) (Vaults:2)
  2 naga ritualists (Zig:5)
  11 anaconda zombies
  10 infernal demonspawn (Pan)
  18 shadow demons
  A golden dragon skeleton (Coc:7)
  5 putrid demonspawn (Pan)
  14 flayed ghosts
  7 giant orange brains
  Pikel (D:7)
  3 gelid demonspawn (Pan)
  3 lindwurms
  An obsidian statue (Vaults:3)
  6 iron dragon zombies
  9 hill giants
  9 ironbrand convokers
  4 tengu zombies
  7 shadow dragon zombies
  24 deep elf archers
  7 torturous demonspawn
  20 anubis guards
  23 harpies
  16 phantasmal warriors
  53 ugly things
  14 orc knights
  2 harpies (shapeshifter)
  12 necromancers
  3 frost giant zombies
  4 anaconda skeletons
  A mana viper (Abyss:3)
  81 deep elf magi
  6 wizards
  8 oklob plants
  3 orc sorcerers
  21 orb spiders
  51 wolf spiders
  2 wolf spider zombies
  12 sixfirhies
  7 griffons
  7 manticores
  2 shadow dragon skeletons
  6 shining eyes
  5 hornets
  4 stone giant zombies
  6 moths of wrath
  2 hornets (shapeshifter)
  A faun (Shoals:1)
  12 cyclopes
  A shock serpent zombie (Geh:7)
  3 fire giant skeletons
  7 fire giant zombies
  10 salamanders
  18 elephants
  2 iron dragon skeletons
  5 black mambas
  5 dire elephant zombies
  8 sirens
  An octopode (shapeshifter) (Vaults:4)
  A guardian serpent (Zig:5)
  8 molten gargoyles (Geh:7)
  4 apocalypse crabs
  2 stone giant skeletons
  4 worldbinders
  5 frost giant skeletons
  A storm dragon simulacrum (Coc:4)
  A torpor snail (Abyss:4)
  17 vault sentinels
  6 water nymphs
  5 eyes of devastation
  2 torpor snails (shapeshifter)
  A titan simulacrum (Abyss:1)
  33 rust devils
  6 ice statues
  5 gargoyles
  50 smoke demons
  2 shock serpent skeletons
  20 orange demons
  A spiny frog (shapeshifter) (Vaults:5)
  11 spiny frogs
  21 hellions
  10 dire elephant skeletons
  A tengu conjurer (D:15)
  A catoblepas zombie (Abyss:4)
  An emperor scorpion zombie (Coc:4)
  6 kobold demonologists
  29 demonic crawlers
  5 efreet
  47 guardian mummies
  35 freezing wraiths
  A komodo dragon (shapeshifter) (Vaults:3)
  39 tormentors
  9 rime drakes
  35 ice devils
  2 anaconda simulacra
  51 yaktaurs
  9 hellwings
  A minotaur zombie (Dis:7)
  10 ancient zymes
  32 red devils
  5 trolls
  8 komodo dragons
  A green draconian skeleton (Crypt:1)
  A polar bear (shapeshifter) (Vaults:4)
  2 spriggan druids (Lair:8)
  2 harpy skeletons
  3 harpy zombies
  2 queen bees (shapeshifter)
  6 hydra zombies
  4 silent spectres
  Prince Ribbit (D:7)
  20 wind drakes
  37 merfolk
  24 blink frogs
  A wolf spider simulacrum (IceCv)
  18 ushabtiu
  59 jumping spiders
  8 polar bears (Lair:8)
  108 slime creatures
  3 stone giant simulacra
  Grinder (D:4)
  7 alligator zombies
  23 two-headed ogres
  A deep troll zombie (Hell)
  10 bog bodies (Coc:7)
  6 boulder beetles
  10 hydra skeletons
  29 raiju
  A minotaur skeleton (Tomb:3)
  2 spriggan zombies
  2 frost giant simulacra
  5 snapping turtles
  3 ice dragon zombies
  2 black mamba zombies
  4 fire dragon zombies
  2 ice dragon skeletons
  7 ettin zombies
  144 flying skulls
  17 shadows
  5 air elementals
  4 alligator skeletons
  40 tarantellas
  51 large abominations
  9 spriggans (Lair:8)
  3 fire dragon skeletons
  58 yaks
  3 vampires (Vaults:3)
  19 ynoxinuls
  121 redbacks
  8 fire bats
  4 ettin skeletons
  34 water elementals
  17 wraiths
  43 small abominations
  4 basilisks
  34 fire elementals
  13 vampire mosquitoes
  A wyvern (Lair:6)
  13 hippogriffs
  18 neqoxecs
  A human (D:7)
  14 golden eyes
  22 chaos spawn
  7 hungry ghosts
  4 mottled dragons
  7 wargs
  A merfolk zombie (Crypt:1)
  2 insubstantial wisps
  9 spatial vortices
  4 hydra simulacra
  21 water moccasins
  11 spiny frog zombies
  13 porcupines
  A giant eyeball (Slime:5)
  58 hell hounds
  A swamp dragon zombie (Coc:4)
  6 spiny frog skeletons
  9 sky beasts
  49 orc warriors
  3 snapping turtle zombies
  26 ice beasts
  3 swamp dragon skeletons
  A blink frog zombie (Crypt:2)
  55 ogres
  10 boggarts
  3 wasps
  4 black bears
  10 necrophages
  A tengu (shapeshifter) (Vaults:4)
  8 eyes of draining
  A fire dragon simulacrum (Crypt:2)
  6 phantoms
  A manticore zombie (Tar:1)
  49 wolves
  25 centaurs
  A lindwurm skeleton (Crypt:2)
  A manticore skeleton (Tomb:1)
  5 snapping turtle skeletons
  22 crocodiles
  6 big kobolds
  22 giant frogs
  A hell hound zombie (Crypt:1)
  5 earth elementals
  A spiny frog simulacrum (Coc:7)
  3 wyvern skeletons
  A hell hound skeleton (Crypt:2)
  35 scorpions
  A boulder beetle zombie (Crypt:1)
  14 killer bees
  A human simulacrum (Vaults:2)
  A hippogriff skeleton (Crypt:1)
  An orc simulacrum (Vaults:1)
  2 troll skeletons
  53 wights
  A yak skeleton (Crypt:1)
  15 electric eels
  3 howler monkeys
  7 crimson imps
  4 quasits
  2 human zombies
  2 lava snakes (D:11)
  4 draconian simulacra (IceCv)
  21 orc priests
  16 jellies
  5 hounds
  Crazy Yiuf (D:4)
  3 centaur skeletons
  5 giant frog zombies
  32 orc wizards
  A giant frog skeleton (D:10)
  44 iron imps
  A human skeleton (Tomb:2)
  Natasha (thrice) (D:4)
  14 iguanas
  6 hell rats (Hell)
  2 polar bear simulacra (IceCv)
  11 worker ants
  3 spriggan simulacra (IceCv)
  A wolf simulacrum (IceCv)
  A killer bee zombie (D:10)
  3 troll simulacra (IceCv)
  30 sheep
  An ogre zombie (Dis:7)
  2 centaur simulacra (IceCv)
  A tengu skeleton (Crypt:3)
  A felid skeleton (Crypt:1)
  A naga skeleton (Coc:7)
  A hound zombie (D:6)
  An ogre skeleton (Lab)
  A hound skeleton (D:5)
  58 mummies
  Robin (D:4)
  2 worker ant zombies
  7 gnolls
  9 adders
  2 naga simulacra (IceCv)
  6 ogre simulacra (IceCv)
  71 river rats
  8 shadow imps
  21 white imps
  5 ufetubi
  An ooze (D:3)
  An adder skeleton (D:5)
  2 worms
  10 dart slugs
  4 giant geckos
  139 orcs
  3 giant cockroaches (D:2)
  17 goblins
  9 hobgoblins
  11 jackals
  29 kobolds
  A quokka (D:4)
  3 ball pythons
  10 bats
  4 giant newts
  A kobold skeleton (Tar:7)
  A kobold zombie (Dis:4)
  An orc skeleton (Crypt:2)
  An orc zombie (Tar:7)
  2 quokka zombies
  8 rats
  3 crawling corpses (Vaults:5)
  3 fire vortices (D:11)
  5 fungi
  5 lost souls
  4 lurking horrors
  2 plants
  4 starspawn tentacles (Abyss:3)
  4 tentacles
  2 withered plants (Crypt:3)
5285 creatures vanquished.

Vanquished Creatures (collateral kills)
  A wolf spider (Spider:1)
1 creature vanquished.

Vanquished Creatures (others)
  3 eldritch tentacles
  A tentacled starspawn (Abyss:5)
  A sphinx (Tomb:1)
  A storm dragon (Zot:3)
  A deep elf elementalist (Elf:2)
  A reaper (Coc:7)
  An elemental wellspring (Coc:7)
  A merfolk javelineer (Shoals:4)
  An ice dragon (Coc:7)
  An ogre mage (Vaults:2)
  2 hell hogs
  A deep elf knight (Elf:3)
  A death scarab (Tomb:2)
  2 anubis guards (Tomb:2)
  A necromancer (Tar:1)
  A salamander (Abyss:3)
  A fire giant skeleton (Tomb:3)
  A drowned soul (Abyss:1)
  A purple draconian zombie (Tomb:2)
  A jumping spider (Spider:4)
  12 flying skulls
  A redback (Spider:1)
  A shadow (Dis:4)
  A large abomination (Abyss:3)
  A hydra simulacrum (Tomb:2)
  A slave (D:7)
  A troll zombie (Abyss:3)
  7 mummies
  An adder (D:7)
  290 eldritch tentacle segments
  20 fungi
  11 lost souls
  A lurking horror (Abyss:4)
  31 plants
  11 starspawn tentacles
  10 starspawn tentacle segments (Abyss:3)
  9 tentacles
  271 tentacle segments
  6 withered plants (Crypt:3)
710 creatures vanquished.

Grand Total: 5996 creatures vanquished

Notes
Turn   | Place    | Note
--------------------------------------------------------------
     0 | D:1      | Liquid the Centaur Hunter began the quest for the Orb.
     0 | D:1      | Reached XP level 1. HP: 17/17 MP: 1/1
   345 | D:1      | Reached XP level 2. HP: 25/25 MP: 2/2
  1099 | D:2      | Reached XP level 3. HP: 30/30 MP: 3/3
  1341 | D:2      | Reached XP level 4. HP: 27/38 MP: 4/4
  2041 | D:3      | Reached XP level 5. HP: 9/46 MP: 5/5
  2978 | D:4      | Noticed an ogre
  3033 | D:4      | Killed an ogre
  3033 | D:4      | Reached skill level 1 in Armour
  3123 | D:4      | Found a shimmering altar of Xom.
  3237 | D:4      | Noticed Crazy Yiuf
  3256 | D:4      | Killed Crazy Yiuf
  3256 | D:4      | Reached XP level 6. HP: 52/52 MP: 6/6
  3356 | D:4      | Noticed Grinder
  3387 | D:4      | Killed Grinder
  3600 | D:4      | Noticed Natasha
  3619 | D:4      | Killed Natasha
  3619 | D:4      | Reached XP level 7. HP: 47/60 MP: 7/7
  3644 | D:4      | Noticed Natasha
  3655 | D:4      | Killed Natasha
  3712 | D:4      | Reached skill level 5 in Fighting
  3996 | D:4      | Noticed Natasha
  4017 | D:4      | Killed Natasha
  4110 | D:4      | Noticed Robin
  4152 | D:4      | Killed Robin
  4434 | D:5      | Entered Level 5 of the Dungeon
  4734 | D:5      | Found a glowing silver altar of Zin.
  4873 | D:5      | Reached skill level 10 in Bows
  4873 | D:5      | Reached XP level 8. HP: 22/69 MP: 8/8
  5296 | D:5      | Found a staircase to the Ecumenical Temple.
  5302 | Temple   | Entered the Ecumenical Temple
  5346 | Temple   | Became a worshipper of Warmaster Okawaru
  6390 | D:6      | Noticed TBriggs11TB's ghost (novice DrCK)
  6522 | D:6      | HP: 2/70 [TBriggs11TB's ghost (18)]
  6535 | D:6      | Killed TBriggs11TB's ghost
  6535 | D:6      | Reached * piety under Okawaru
  6535 | D:6      | Reached XP level 9. HP: 9/78 MP: 7/9
  7460 | D:7      | Gained mutation: You tend to lose your temper in combat. [mutagenic meat]
  7461 | D:7      | Gained mutation: Your muscles are strong. (Str +2) [mutagenic meat]
  7516 | D:7      | Learned a level 4 spell: Passage of Golubria
  7579 | D:7      | Noticed Prince Ribbit
  7611 | D:7      | Noticed PeterLawrence's ghost (novice MiFi)
  7632 | D:7      | Killed Prince Ribbit
  7632 | D:7      | Reached ** piety under Okawaru
  7800 | D:7      | HP: 1/79 [PeterLawrence's ghost (14)]
  7861 | D:7      | HP: 3/79 [PeterLawrence's ghost (7)]
  7903 | D:7      | Killed PeterLawrence's ghost
  8081 | D:7      | Noticed Pikel
  8103 | D:7      | Killed Pikel
  8103 | D:7      | Reached *** piety under Okawaru
  8103 | D:7      | Reached skill level 5 in Armour
  8103 | D:7      | Reached XP level 10. HP: 30/88 MP: 5/10
  8647 | D:8      | Received a gift from Okawaru
  8875 | D:8      | You fall through a shaft for 3 floors!
  8894 | D:11     | Gained mutation: You are partially covered in yellow scales (AC +2). [mutagenic meat]
  8895 | D:11     | Gained mutation: You are partially covered in molten scales (AC +1). [mutagenic meat]
  8969 | D:11     | Reached **** piety under Okawaru
  9019 | D:11     | Received a gift from Okawaru
  9331 | D:11     | Received a gift from Okawaru
  9331 | D:11     | Reached skill level 15 in Bows
  9602 | D:11     | Reached XP level 11. HP: 77/95 MP: 11/11
  9648 | D:10     | Entered Level 10 of the Dungeon
  9810 | D:10     | Received a gift from Okawaru
 10251 | D:10     | Reached ***** piety under Okawaru
 10664 | D:10     | Received a gift from Okawaru
 11083 | D:9      | Found Xevea's Antique Armour Emporium.
 11096 | D:9      | Bought an embroidered cloak for 103 gold pieces
 11397 | D:9      | Received a gift from Okawaru
 11473 | D:9      | Found a blossoming altar of Fedhas.
 12109 | D:10     | Found a staircase to the Lair.
 12117 | D:10     | Received a gift from Okawaru
 12456 | Lair:1   | Entered Level 1 of the Lair of Beasts
 12616 | Lair:1   | Received a gift from Okawaru
 13028 | Lair:1   | Noticed Harold
 13066 | Lair:1   | Killed Harold
 13066 | Lair:1   | Received a gift from Okawaru
 13069 | Lair:1   | Got a twisted centaur barding {god gift}
 13081 | Lair:1   | Identified the +3 centaur barding of Loss {Str+2} (Okawaru gifted it to you on level 1 of the Lair of Beasts)
 13252 | Lair:1   | Noticed Gastronok
 13278 | Lair:1   | Killed Gastronok
 13278 | Lair:1   | Reached skill level 10 in Fighting
 13278 | Lair:1   | Reached XP level 12. HP: 75/106 MP: 10/12
 13427 | Lair:1   | Reached skill level 5 in Dodging
 14009 | Lair:2   | Noticed Aquadorian's ghost (journeyman MiFi)
 14182 | Lair:2   | Killed Aquadorian's ghost
 14697 | Lair:2   | Reached skill level 1 in Invocations
 15158 | Lair:3   | Noticed an eight-headed hydra
 15194 | Lair:3   | Killed an eight-headed hydra
 15405 | Lair:3   | Received a gift from Okawaru
 15473 | Lair:3   | Noticed kirsanium's ghost (journeyman DrTm)
 15528 | Lair:3   | Killed kirsanium's ghost
 15632 | Lair:3   | Received a gift from Okawaru
 15665 | Lair:3   | Found a staircase to the Shoals.
 16511 | Lair:4   | Received a gift from Okawaru
 16595 | Lair:4   | Found a sacrificial altar of Ru.
 16707 | Lair:4   | Noticed a death yak
 16709 | Lair:4   | Noticed a death yak
 16709 | Lair:4   | Noticed a death yak
 16711 | Lair:4   | Noticed a death yak
 16715 | Lair:4   | Noticed a death yak
 16748 | Lair:4   | Killed a death yak
 16748 | Lair:4   | Reached ****** piety under Okawaru
 16748 | Lair:4   | Received a gift from Okawaru
 16748 | Lair:4   | Reached XP level 13. HP: 64/115 MP: 8/16
 16796 | Lair:4   | Reached skill level 5 in Invocations
 17029 | Lair:4   | Got an iridescent longbow {god gift}
 17030 | Lair:4   | Identified the +2 longbow of Premature Burial {freeze, rPois rF+ rC+ Int-4} (Okawaru gifted it to you on level 4 of the Lair of Beasts)
 17445 | Lair:5   | Found a shadowy altar of Dithmenos.
 17539 | Lair:5   | Received a gift from Okawaru
 17598 | Lair:5   | Received a gift from Okawaru
 17697 | Lair:5   | Received a gift from Okawaru
 17895 | Lair:5   | Learned a level 3 spell: Regeneration
 17899 | Lair:5   | Learned a level 3 spell: Spectral Weapon
 17902 | Lair:5   | Learned a level 2 spell: Song of Slaying
 17914 | Lair:5   | Received a gift from Okawaru
 18268 | Lair:5   | Gained mutation: You are dopey. (Int -2) [potion of mutation]
 18268 | Lair:5   | Gained mutation: You are partially covered in iridescent scales (AC +4). [potion of mutation]
 18352 | Lair:6   | Found a labyrinth entrance.
 18371 | Lab      | Entered a labyrinth
 19045 | Lab      | Noticed a minotaur
 19059 | Lab      | Killed a minotaur
 19090 | Lab      | Got a crude plate armour
 19106 | Lair:6   | Identified the +5 plate armour of the Curses {-Tele rCorr Dex+9 Stlth-} (You found it in a labyrinth)
 19226 | Lair:6   | Found a dark tunnel.
 19442 | Lair:6   | Reached XP level 14. HP: 125/125 MP: 20/20
 19635 | Lair:6   | Received a gift from Okawaru
 19771 | Lair:6   | Found a hole to the Spider Nest.
 20334 | Lair:7   | Received a gift from Okawaru
 20736 | Lair:7   | Received a gift from Okawaru
 21401 | Lair:8   | Entered Level 8 of the Lair of Beasts
 21430 | Lair:8   | Reached skill level 10 in Invocations
 21540 | Lair:8   | Found a frozen archway.
 21600 | Lair:8   | Received a gift from Okawaru
 21654 | IceCv    | Entered an ice cave
 21891 | IceCv    | Found an ancient bone altar of Kikubaaqudgha.
 22521 | Lair:8   | Reached skill level 1 in Axes
 23121 | Lair:8   | Found a viscous altar of Jiyva.
 23121 | Lair:8   | Found a staircase to the Slime Pits.
 23159 | Lair:8   | Learned a level 1 spell: Apportation
 23281 | Lair:8   | Reached XP level 15. HP: 134/134 MP: 22/22
 23592 | Lair:8   | Received a gift from Okawaru
 24380 | D:11     | Found Miqoak's Antique Armour Shoppe.
 24388 | D:11     | Bought a dazzling scale mail for 171 gold pieces
 24398 | D:11     | Identified the +1 scale mail of the Mutiny {rPois rF+ rC+ MR+} (You bought it in a shop on level 11 of the Dungeon)
 24759 | D:11     | Received a gift from Okawaru
 24872 | D:12     | Noticed Nergalle
 24875 | D:12     | Killed Nergalle
 25248 | D:12     | Found Fosm's Book Emporium.
 25717 | D:13     | Noticed Frances
 25728 | D:13     | Killed Frances
 25865 | D:13     | Reached skill level 5 in Axes
 26312 | D:13     | Found a deep blue altar of Sif Muna.
 26355 | D:13     | Noticed Snorg
 26360 | D:13     | Killed Snorg
 26460 | D:13     | Found a gate to the Vaults.
 26832 | D:14     | Found a stormy altar of Qazlal.
 27209 | D:15     | Entered Level 15 of the Dungeon
 27255 | D:15     | Found a staircase to the Depths.
 27468 | D:15     | Received a gift from Okawaru
 27468 | D:15     | Reached skill level 10 in Armour
 28154 | D:15     | Noticed Nessos
 28163 | D:15     | Killed Nessos
 28163 | D:15     | Reached XP level 16. HP: 103/144 MP: 17/23
 28369 | D:10     | Found a staircase to the Orcish Mines.
 28385 | Orc:1    | Entered Level 1 of the Orcish Mines
 28447 | Orc:2    | Entered Level 2 of the Orcish Mines
 28479 | Orc:2    | Found Icsim's Weapon Emporium.
 28517 | Orc:2    | Found a roughly hewn altar of Beogh.
 28521 | Orc:2    | Found Zaunn's Antique Armour Shoppe.
 28536 | Orc:2    | Bought a pitted chain mail for 266 gold pieces
 28536 | Orc:2    | Bought a fine cloak for 266 gold pieces
 28550 | Orc:2    | Identified the +2 cloak "Cumames" {MR+} (You bought it in a shop on level 2 of the Orcish Mines)
 28564 | Orc:2    | Identified the +1 chain mail of Intuition {rPois rN+ MP-9 Dex+5} (You bought it in a shop on level 2 of the Orcish Mines)
 28577 | Orc:2    | Found a staircase to the Elven Halls.
 28661 | Orc:2    | Found Quklu's Book Boutique.
 28741 | Orc:2    | Found Bytzo's Antique Weapon Shop.
 28743 | Orc:2    | Found a roughly hewn altar of Beogh.
 28749 | Orc:2    | Found Sitt's Antique Armour Boutique.
 28767 | Orc:2    | Bought the +2 hat of the Bear Spirit {Spirit, +Rage rN+ MR++} for 1055 gold pieces
 28898 | Orc:2    | Found a roughly hewn altar of Beogh.
 28952 | Orc:2    | Found a roughly hewn altar of Beogh.
 28963 | Orc:2    | Found Jiejitus's Weapon Emporium.
 29057 | Orc:2    | Found a roughly hewn altar of Beogh.
 29189 | Orc:2    | Found Esampewk's Jewellery Shoppe.
 29243 | Orc:2    | Found a roughly hewn altar of Beogh.
 29257 | Orc:2    | Found Cykhaosk's Armour Emporium.
 29513 | Orc:2    | Found a roughly hewn altar of Beogh.
 30438 | Spider:1 | Entered Level 1 of the Spider Nest
 30871 | Shoals:1 | Entered Level 1 of the Shoals
 30871 | Shoals:1 | Found Dafen's Antique Weapon Emporium.
 30883 | Shoals:1 | Received a gift from Okawaru
 31578 | Shoals:2 | Received a gift from Okawaru
 32072 | Shoals:2 | Reached skill level 10 in Axes
 32270 | Shoals:2 | Cast into level 2 of the Abyss (merfolk impaler)
 32470 | Abyss:2  | Paralysed by accursed screaming for 1 turns
 32498 | Abyss:2  | Paralysed by accursed screaming for 2 turns
 32694 | Abyss:2  | HP: 6/147 [large abomination (3)]
 32723 | Shoals:2 | Escaped the Abyss
 33176 | Shoals:3 | Reached XP level 17. HP: 150/154 MP: 22/22
 33203 | Shoals:3 | Received a gift from Okawaru
 33226 | Shoals:3 | Found Ranguskahac's Book Boutique.
 33873 | Shoals:4 | Entered Level 4 of the Shoals
 34024 | Shoals:4 | Noticed Ilsuiw
 34080 | Shoals:3 | Killed Ilsuiw
 34383 | Shoals:4 | Noticed Jorgrun
 34392 | Shoals:4 | Killed Jorgrun
 34549 | Shoals:4 | Received a gift from Okawaru
 34586 | Shoals:4 | Reached skill level 15 in Fighting
 35559 | Shoals:4 | Noticed a kraken
 35602 | Shoals:4 | Received a gift from Okawaru
 35855 | Shoals:4 | Killed a kraken
 35876 | Shoals:4 | Got a barnacled rune of Zot
 36354 | Spider:1 | Identified Sif Muna's Volume of Assistive Envenoming (You found it on level 1 of the Spider Nest)
 36510 | Spider:1 | Noticed Azrael
 36523 | Spider:1 | Killed Azrael
 36532 | Spider:1 | Noticed Nikola
 36547 | Spider:1 | Killed Nikola
 36547 | Spider:1 | Reached XP level 18. HP: 152/163 MP: 20/25
 36976 | Spider:2 | Noticed sveltemanboy's ghost (adept OgHu)
 36985 | Spider:2 | Killed sveltemanboy's ghost
 37023 | Spider:2 | Noticed dvd's ghost (adept GrEE)
 37061 | Spider:2 | Killed dvd's ghost
 37260 | Spider:2 | Received a gift from Okawaru
 37260 | Spider:2 | Reached skill level 10 in Dodging
 37272 | Spider:2 | Got a faintly glowing executioner's axe {god gift}
 37275 | Spider:2 | Identified the +8 executioner's axe "Dorphooho" {freeze, rPois rC+ MR+ Int-2} (Okawaru gifted it to you on level 2 of the Spider Nest)
 37484 | Spider:2 | Noticed Arachne
 37508 | Spider:2 | Killed Arachne
 38401 | Spider:3 | Received a gift from Okawaru
 38759 | Spider:3 | Reached skill level 15 in Axes
 39845 | Spider:4 | Entered Level 4 of the Spider Nest
 39874 | Spider:4 | Reached XP level 19. HP: 131/171 MP: 18/26
 39881 | Spider:4 | Received a gift from Okawaru
 39990 | Spider:4 | Noticed Donald
 40235 | Spider:4 | Killed Donald
 40342 | Spider:4 | Received a gift from Okawaru
 40690 | Spider:4 | Received a gift from Okawaru
 40694 | Spider:4 | Got a translucent battleaxe {god gift}
 40696 | Spider:4 | Identified the +7 battleaxe of Quegun {chop, rF+ Int+2 SInv} (Okawaru gifted it to you on level 4 of the Spider Nest)
 40947 | Spider:4 | Got a gossamer rune of Zot
 41526 | Elf:1    | Entered Level 1 of the Elven Halls
 41944 | Elf:1    | Found a runed door.
 42803 | Elf:2    | Received a gift from Okawaru
 43078 | Elf:2    | Found a huge runed gate.
 43078 | Elf:2    | Found a huge runed gate.
 43078 | Elf:2    | Found a huge runed gate.
 43088 | Elf:2    | Found a huge runed gate.
 43088 | Elf:2    | Found a huge runed gate.
 43243 | Elf:2    | Reached XP level 20. HP: 164/179 MP: 27/27
 43729 | Elf:2    | Found a portal to a secret trove of treasure.
 43849 | Elf:3    | Entered Level 3 of the Elven Halls
 43977 | Elf:3    | Found Owujih's Magic Scroll Shop.
 44105 | Elf:3    | Noticed nikopol's ghost (adept MiBe)
 44156 | Elf:3    | Killed nikopol's ghost
 44206 | Elf:3    | Received a gift from Okawaru
 44488 | Elf:3    | Noticed a Tzitzimitl
 45339 | Elf:3    | Received a gift from Okawaru
 45407 | Elf:3    | Received a gift from Okawaru
 45538 | Elf:3    | Got a brightly glowing steel ring
 45541 | Elf:3    | Identified the ring of Citaxas {rElec MP+9 Int-3 Slay-2 SInv} (You took it off a deep elf sorcerer on level 3 of the Elven Halls)
 45783 | Elf:3    | Received a gift from Okawaru
 46394 | Elf:3    | Reached XP level 21. HP: 185/185 MP: 28/28
 46395 | Elf:3    | Reached XP level 22. HP: 195/195 MP: 29/29
 46555 | Elf:3    | Identified the Tome of the Freezing Volcanoes
 46607 | Elf:3    | Identified the Almanac of Helpful Beguiling
 46630 | Elf:3    | Learned a level 2 spell: Repel Missiles
 47043 | Vaults:1 | Entered Level 1 of the Vaults
 47116 | Vaults:1 | Noticed Wiglaf
 47127 | Vaults:1 | Killed Wiglaf
 47173 | Vaults:1 | Received a gift from Okawaru
 47635 | Vaults:1 | Reached XP level 23. HP: 188/202 MP: 27/30
 48288 | Vaults:2 | Found a flickering gateway to a bazaar.
 48291 | Vaults:2 | Noticed dvd's ghost (adept HOGl)
 48312 | Vaults:2 | Killed dvd's ghost
 48348 | Vaults:2 | Got a distressingly furry ring mail
 48357 | Bazaar   | Entered a bazaar
 48375 | Bazaar   | Found Tulu's Weapon Emporium.
 48375 | Bazaar   | Found Jafileod's Book Shoppe.
 48413 | Bazaar   | Found Uwkoeh's General Store.
 48430 | Bazaar   | Identified the +5 ring mail of Perpetual Drought {rCorr MP+9 Int-4 Stlth+} (You found it on level 2 of the Vaults)
 48438 | Bazaar   | Bought a scroll of enchant weapon for 127 gold pieces
 48453 | Bazaar   | Found Uboskep's Distillery.
 48453 | Bazaar   | Found Ymips's General Store.
 48458 | Bazaar   | Bought a scroll of identify for 36 gold pieces
 48458 | Bazaar   | Bought a scroll of identify for 36 gold pieces
 49136 | Vaults:2 | Received a gift from Okawaru
 49140 | Vaults:2 | Got a smoking shortbow {god gift}
 49141 | Vaults:2 | Identified the +4 shortbow "Uqist" {velocity, rF+ Int+4 Dex-4 SInv} (Okawaru gifted it to you on level 2 of the Vaults)
 50327 | Vaults:3 | Received a gift from Okawaru
 50352 | Vaults:3 | Found a staircase to the Crypt.
 50517 | Vaults:3 | Found Gipipt's Gadget Shoppe.
 50585 | Vaults:3 | Received a gift from Okawaru
 51913 | D:11     | Bought the +8 orange crystal plate armour {Archmagi, Int+3 Clar SustAt} for 2601 gold pieces
 52053 | Vaults:3 | Reached XP level 24. HP: 214/214 MP: 30/30
 52215 | Vaults:4 | Noticed Xtahua
 52228 | Vaults:4 | Killed Xtahua
 52369 | Vaults:4 | Reached skill level 1 in Air Magic
 52505 | Vaults:4 | Reached skill level 1 in Hexes
 52555 | Vaults:4 | Reached skill level 1 in Spellcasting
 53136 | Vaults:4 | Received a gift from Okawaru
 53623 | Depths:1 | Entered Level 1 of the Depths
 53739 | Depths:1 | Received a gift from Okawaru
 53824 | Depths:1 | Noticed Wardy's ghost (journeyman MiFi)
 53842 | Depths:1 | Killed Wardy's ghost
 54326 | Depths:1 | Found a sparkling altar of Nemelex Xobeh.
 54380 | Depths:1 | Received a gift from Okawaru
 54529 | Depths:1 | Received a gift from Okawaru
 54721 | Depths:1 | Found a gateway to Hell.
 55022 | Depths:2 | Found Mielunig's Distillery.
 55037 | Depths:2 | Bought a potion of might for 48 gold pieces
 55037 | Depths:2 | Bought a potion of heal wounds for 60 gold pieces
 55037 | Depths:2 | Bought a potion of haste for 120 gold pieces
 55148 | Depths:2 | Found Neehic's Food Emporium.
 55307 | Depths:2 | Found Oxeroatu's Jewellery Shoppe.
 55351 | Depths:2 | Found Nuot's Armour Emporium.
 55545 | Depths:2 | Found Alodwuez's Magic Scroll Boutique.
 56489 | Depths:3 | Noticed Jory
 56506 | Depths:3 | Killed Jory
 56543 | Depths:3 | Reached skill level 5 in Hexes
 56754 | Depths:3 | Reached skill level 1 in Charms
 56766 | Depths:3 | Found a one-way gate leading to the halls of Pandemonium.
 56772 | Depths:3 | Reached skill level 5 in Air Magic
 56992 | Depths:3 | Learned a level 5 spell: Silence
 57018 | Depths:3 | Found a one-way gate to the infinite horrors of the Abyss.
 57148 | Depths:3 | Noticed Boris
 57165 | Depths:3 | Killed Boris
 57165 | Depths:3 | Reached XP level 25. HP: 134/224 MP: 18/30
 57598 | Depths:4 | Received a gift from Okawaru
 57651 | Depths:4 | Found a magical portal.
 57658 | Depths:4 | Noticed Boris
 57689 | Depths:4 | Killed Boris
 57689 | Depths:4 | Received a gift from Okawaru
 57841 | WizLab   | Entered Doroklohe's Tomb
 58636 | Depths:4 | Reached skill level 5 in Spellcasting
 58826 | Depths:4 | Identified the Grimoire of Aid and Intoxication
 60108 | Depths:4 | Received a gift from Okawaru
 60229 | Depths:5 | Entered Level 5 of the Depths
 60269 | Depths:5 | Received a gift from Okawaru
 60403 | Depths:5 | Received a gift from Okawaru
 60461 | Depths:5 | Received a gift from Okawaru
 60724 | Depths:5 | Found a gate to the Realm of Zot.
 60734 | Depths:5 | Received a gift from Okawaru
 60734 | Depths:5 | Reached XP level 26. HP: 194/234 MP: 27/33
 60930 | Depths:5 | Found a gateway to a ziggurat.
 61114 | Depths:5 | Found a snail-covered altar of Cheibriados.
 61761 | Vaults:5 | Entered Level 5 of the Vaults
 62637 | Vaults:5 | Received a gift from Okawaru
 62939 | Vaults:5 | Got a silver rune of Zot
 63600 | Vaults:5 | Received a gift from Okawaru
 63710 | Vaults:5 | Got a fine scale mail
 63711 | Vaults:5 | Identified the +3 scale mail of Peugupem {rElec rCorr Str-3} (You found it on level 5 of the Vaults)
 63856 | Vaults:5 | Reached XP level 27. HP: 244/244 MP: 35/35
 63867 | Vaults:5 | Got a crude scale mail
 63868 | Vaults:5 | Identified the cursed +0 scale mail of the Shore {MR+} (You found it on level 5 of the Vaults)
 64267 | Vaults:5 | Gained mutation: You evolve. [potion of beneficial mutation]
 64845 | Slime:1  | Entered Level 1 of the Pits of Slime
 65233 | Slime:4  | Reached skill level 10 in Air Magic
 65248 | Slime:4  | Received a gift from Okawaru
 65423 | Slime:6  | Entered Level 6 of the Pits of Slime
 65462 | Slime:6  | Reached skill level 10 in Hexes
 65490 | Slime:6  | Noticed the Royal Jelly
 65500 | Slime:6  | Killed the Royal Jelly
 65513 | Slime:6  | Identified a scroll of acquirement
 65669 | Slime:6  | Gained mutation: You regenerate slowly when monsters are visible. [a shining eye]
 65863 | Slime:6  | Got a slimy rune of Zot
 65940 | Slime:6  | Got a fine battleaxe
 65941 | Slime:6  | Identified the +11 battleaxe of the Seer {chop, rF+} (You found it on level 6 of the Pits of Slime)
 66409 | Elf:3    | Bought a scroll of identify for 28 gold pieces
 66409 | Elf:3    | Bought a scroll of identify for 28 gold pieces
 66409 | Elf:3    | Bought a scroll of acquirement for 728 gold pieces
 66409 | Elf:3    | Bought a scroll of immolation for 49 gold pieces
 66409 | Elf:3    | Bought a scroll of identify for 28 gold pieces
 66409 | Elf:3    | Bought a scroll of identify for 28 gold pieces
 66474 | Elf:1    | Gained mutation: You have sharp fingernails. [evolution]
 66825 | Depths:3 | Voluntarily entered the Abyss.
 67181 | Abyss:2  | Gained mutation: You expend magic power (3 MP) to strengthen your wands. [a neqoxec]
 67182 | Abyss:2  | Gained mutation: Your spells are a little easier to cast, but a little less powerful. [a neqoxec]
 67538 | Abyss:3  | Received a gift from Okawaru
 67683 | Abyss:3  | Received a gift from Okawaru
 68015 | Abyss:3  | Lost mutation: You evolve. [a neqoxec]
 68344 | Abyss:4  | Found a corrupted altar of Lugonu.
 68438 | Abyss:4  | Found a stormy altar of Qazlal.
 68446 | Abyss:4  | Found a corrupted altar of Lugonu.
 68522 | Abyss:4  | Found a corrupted altar of Lugonu.
 68524 | Abyss:4  | Found a stormy altar of Qazlal.
 68559 | Abyss:4  | Found a corrupted altar of Lugonu.
 68906 | Abyss:4  | Got an abyssal rune of Zot
 69387 | Abyss:4  | Reached skill level 10 in Spellcasting
 69463 | Depths:3 | Escaped the Abyss
 69857 | Elf:2    | You showed the abyssal rune of Zot to enter a treasure trove
 69858 | Trove    | Entered a treasure trove
 70633 | Depths:2 | Bought a scroll of enchant weapon for 112 gold pieces
 70633 | Depths:2 | Bought 2 scrolls of magic mapping for 105 gold pieces
 70807 | Zig:1    | Entered Level 1 of a ziggurat
 70825 | Zig:2    | Entered Level 2 of a ziggurat
 70848 | Zig:2    | Identified the Tome of Creation and the Voyage
 70855 | Zig:3    | Entered Level 3 of a ziggurat
 70855 | Zig:3    | Noticed a juggernaut
 70866 | Zig:3    | Killed a juggernaut
 70890 | Zig:4    | Entered Level 4 of a ziggurat
 70930 | Zig:4    | Identified a +4 rod of shadows (11/11) (You found it on level 3 of a ziggurat)
 70939 | Zig:5    | Entered Level 5 of a ziggurat
 71077 | Zig:6    | Entered Level 6 of a ziggurat
 71128 | Zig:6    | Got a steaming iron ring
 71130 | Zig:6    | Identified the ring of Miracles {AC+5 Stlth+} (You found it on level 6 of a ziggurat)
 71227 | Zig:7    | Entered Level 7 of a ziggurat
 71247 | Zig:7    | Received a gift from Okawaru
 71251 | Zig:7    | Received a gift from Okawaru
 71257 | Zig:7    | Got an ancient centaur barding {god gift}
 71259 | Zig:7    | Identified the +0 centaur barding of Nisugenn {rPois rF- MP+9} (Okawaru gifted it to you on level 7 of a ziggurat)
 71389 | Zig:8    | Entered Level 8 of a ziggurat
 71731 | Zig:9    | Entered Level 9 of a ziggurat
 71840 | Zig:9    | Identified the Tome of Aerial Transmutation (You found it on level 9 of a ziggurat)
 71870 | Zig:10   | Entered Level 10 of a ziggurat
 72055 | Zig:11   | Entered Level 11 of a ziggurat
 72060 | Zig:11   | Noticed an orb of fire
 72062 | Zig:11   | Noticed an orb of fire
 72063 | Zig:11   | Noticed an orb of fire
 72078 | Depths:5 | Lost mutation: Your muscles are strong. (Str +2) [potion of cure mutation]
 72078 | Depths:5 | Lost mutation: You are dopey. (Int -2) [potion of cure mutation]
 72078 | Depths:5 | Lost mutation: You are partially covered in yellow scales (AC +2). [potion of cure mutation]
 72079 | Depths:5 | Lost mutation: You tend to lose your temper in combat. [potion of cure mutation]
 72079 | Depths:5 | Lost mutation: You expend magic power (3 MP) to strengthen your wands. [potion of cure mutation]
 72079 | Depths:5 | Lost mutation: Your spells are a little easier to cast, but a little less powerful. [potion of cure mutation]
 72079 | Depths:5 | Lost mutation: You have sharp fingernails. [potion of cure mutation]
 72079 | Depths:5 | Lost mutation: You are partially covered in molten scales (AC +1). [potion of cure mutation]
 72080 | Depths:5 | Lost mutation: You regenerate slowly when monsters are visible. [potion of cure mutation]
 72081 | Depths:5 | Gained mutation: You have a pair of small horns on your head. [potion of beneficial mutation]
 72082 | Depths:5 | Gained mutation: You possess an exceptional clarity of mind. [potion of beneficial mutation]
 73004 | Crypt:1  | Entered Level 1 of the Crypt
 73232 | Crypt:1  | Noticed Margery
 73240 | Crypt:1  | Killed Margery
 73248 | Crypt:1  | Noticed Mara
 73257 | Crypt:1  | Noticed Sojobo
 73267 | Crypt:1  | Noticed Liquid's illusion
 73267 | Crypt:1  | Killed Mara
 73276 | Crypt:1  | Killed Sojobo
 73892 | Crypt:2  | Gained mutation: Your spells are a little harder to cast, but a little more powerful. [potion of beneficial mutation]
 74472 | Crypt:2  | Received a gift from Okawaru
 74638 | Crypt:3  | Entered Level 3 of the Crypt
 75201 | Crypt:3  | Identified the Disquisition on Creation (You found it on level 3 of the Crypt)
 75476 | Crypt:3  | Found an ancient bone altar of Kikubaaqudgha.
 75532 | Crypt:3  | Noticed an ancient lich
 75739 | Crypt:3  | Killed an ancient lich
 75766 | Crypt:3  | Identified the Papyrus of Stones and Combat Magic
 75774 | Crypt:3  | Identified the Papyrus of Mutagenic Poison
 75927 | Crypt:3  | Identified the Guide on Necromancy
 76048 | Crypt:3  | Received a gift from Okawaru
 76083 | Crypt:3  | Got an encrusted large shield {god gift}
 76086 | Crypt:3  | Identified the +6 large shield "Foruojuc" {rPois SInv} (Okawaru gifted it to you on level 3 of the Crypt)
 76211 | Crypt:3  | Identified Heilerch's Almanac of Assistive Hexes
 76239 | Crypt:3  | Found a staircase to the Tomb.
 76468 | Crypt:3  | Gained mutation: Your natural rate of healing is unusually fast. [potion of beneficial mutation]
 76794 | D:9      | Bought a runed storm dragon armour for 1840 gold pieces
 77755 | Hell     | Entered the Vestibule of Hell
 77755 | Hell     | Noticed Geryon
 77767 | Hell     | Killed Geryon
 77907 | Hell     | Found a gateway to the Iron City of Dis.
 78128 | Hell     | Found a gateway to the freezing wastes of Cocytus.
 78217 | Hell     | Reached skill level 15 in Dodging
 78504 | Hell     | Found a gateway to the decaying netherworld of Tartarus.
 78679 | Hell     | Found a gateway to the ashen valley of Gehenna.
 78853 | Pan      | Entered Pandemonium
 78879 | Pan      | Found an exit through the horrors of the Abyss.
 79377 | Pan      | Found an exit through the horrors of the Abyss.
 79442 | Pan      | Noticed Peasodd the pandemonium lord
 79456 | Pan      | Killed Peasodd the pandemonium lord
 79456 | Pan      | Reached skill level 1 in Necromancy
 79456 | Pan      | Reached skill level 1 in Translocations
 79468 | Pan      | Received a gift from Okawaru
 79593 | Pan      | Noticed Geythag the pandemonium lord
 79618 | Pan      | Killed Geythag the pandemonium lord
 79723 | Pan      | Found a runed door.
 79729 | Pan      | Found a runed door.
 79737 | Pan      | Found a runed door.
 79750 | Pan      | Found a runed door.
 79762 | Pan      | Entered the realm of Cerebov.
 79842 | Pan      | Noticed Cerebov
 80051 | Pan      | Killed Cerebov
 80064 | Pan      | Got a fiery rune of Zot
 80174 | Pan      | Identified the Almanac of Necromancy (You found it in Pandemonium)
 80281 | Pan      | Got a fine pewter ring
 80282 | Pan      | Identified the ring of Fedhas's Displeasure {rElec rF++ Stlth+} (You found it in Pandemonium)
 80447 | Pan      | Found an exit through the horrors of the Abyss.
 80471 | Pan      | Entered the realm of Lom Lobon.
 80544 | Pan      | Received a gift from Okawaru
 80679 | Pan      | Reached skill level 27 in Axes
 80687 | Pan      | Received a gift from Okawaru
 80788 | Pan      | Noticed Lom Lobon
 80796 | Pan      | Reached skill level 5 in Necromancy
 80797 | Pan      | Received a gift from Okawaru
 80813 | Pan      | Killed Lom Lobon
 80823 | Pan      | Got a magical rune of Zot
 81145 | Pan      | Found an exit through the horrors of the Abyss.
 81217 | Pan      | Cast into level 5 of the Abyss (a Zot trap)
 81217 | Abyss:5  | Entered Level 5 of the Abyss
 81229 | Abyss:5  | Found a corrupted altar of Lugonu.
 81320 | Pan      | Escaped the Abyss
 81523 | Pan      | Reached skill level 5 in Translocations
 81897 | Pan      | Found an exit through the horrors of the Abyss.
 82134 | Pan      | Received a gift from Okawaru
 82138 | Pan      | Noticed Nautwibun the pandemonium lord
 82161 | Pan      | Killed Nautwibun the pandemonium lord
 82161 | Pan      | Reached skill level 5 in Charms
 82312 | Pan      | Got a pitted tin amulet
 82314 | Pan      | Identified the amulet of Ijotz {Gourm rPois} (You found it in Pandemonium)
 82331 | Pan      | Found a runed door.
 82350 | Pan      | Found a runed door.
 82355 | Pan      | Found a runed door.
 82359 | Pan      | Noticed Iclu the pandemonium lord
 82375 | Pan      | Killed Iclu the pandemonium lord
 82375 | Pan      | Received a gift from Okawaru
 82559 | Pan      | Found a runed door.
 82629 | Pan      | Got a glittering lead ring
 82630 | Pan      | Identified the ring "Ycaroch" {Ice Dex+3} (You found it in Pandemonium)
 82844 | Pan      | Found an exit through the horrors of the Abyss.
 83247 | Pan      | Gained mutation: You expend magic power (3 MP) to strengthen your wands. [a cacodemon]
 83251 | Pan      | Gained mutation: Your magical capacity is low (-10% MP). [a cacodemon]
 83419 | Pan      | Found an exit through the horrors of the Abyss.
 83873 | Pan      | Noticed Rasamer the pandemonium lord
 83905 | Pan      | Killed Rasamer the pandemonium lord
 84087 | Pan      | Lost mutation: You possess an exceptional clarity of mind. [potion of cure mutation]
 84087 | Pan      | Lost mutation: Your natural rate of healing is unusually fast. [potion of cure mutation]
 84087 | Pan      | Lost mutation: Your magical capacity is low (-10% MP). [potion of cure mutation]
 84087 | Pan      | Lost mutation: You have a pair of small horns on your head. [potion of cure mutation]
 84087 | Pan      | Lost mutation: You expend magic power (3 MP) to strengthen your wands. [potion of cure mutation]
 84087 | Pan      | Lost mutation: Your spells are a little harder to cast, but a little more powerful. [potion of cure mutation]
 84803 | Pan      | Got a demonic rune of Zot
 84842 | Pan      | Got a transparent battleaxe
 84843 | Pan      | Identified the +8 battleaxe of the Ancient Realms {venom, MR+ Int+2 Dex+4} (You found it in Pandemonium)
 84847 | Pan      | Entered the realm of Gloorx Vloq.
 85023 | Pan      | Received a gift from Okawaru
 85043 | Pan      | Noticed Gloorx Vloq
 85064 | Pan      | Killed Gloorx Vloq
 85272 | Pan      | Got a dark rune of Zot
 85474 | Pan      | Noticed Kifill the pandemonium lord
 85487 | Pan      | Received a gift from Okawaru
 85505 | Pan      | Killed Kifill the pandemonium lord
 85535 | Pan      | Entered the realm of Mnoleg.
 85550 | Pan      | Received a gift from Okawaru
 85580 | Pan      | Gained mutation: You are frail (-10% HP). [a neqoxec]
 85581 | Pan      | Gained mutation: You are very frail (-20% HP). [a neqoxec]
 85594 | Pan      | Got a transparent battleaxe {god gift}
 85595 | Pan      | Identified the +6 battleaxe "Noanug" {vamp, *Confuse rElec rC+ MP+9} (Okawaru gifted it to you in Pandemonium)
 85629 | Pan      | Noticed Mnoleg
 85650 | Pan      | Killed Mnoleg
 85709 | Pan      | Got a glowing rune of Zot
 85750 | Pan      | Gained mutation: You are dopey. (Int -2) [a neqoxec]
 85750 | Pan      | Gained mutation: You expend magic power (3 MP) to strengthen your wands. [a neqoxec]
 85761 | Pan      | Gained mutation: Your magical capacity is low (-10% MP). [a neqoxec]
 85855 | Pan      | Found an exit through the horrors of the Abyss.
 85861 | Pan      | Took an exit into the Abyss.
 85861 | Abyss:1  | Escaped into the Abyss
 85897 | Abyss:1  | Paralysed by accursed screaming for 1 turns
 85901 | Abyss:1  | Paralysed by accursed screaming for 2 turns
 85907 | Abyss:1  | Paralysed by accursed screaming for 1 turns
 85911 | Abyss:1  | Found a corrupted altar of Lugonu.
 85914 | Abyss:1  | Paralysed by accursed screaming for 2 turns
 85936 | Abyss:1  | Found a corrupted altar of Lugonu.
 85942 | Abyss:1  | Paralysed by accursed screaming for 2 turns
 85950 | Abyss:1  | Paralysed by accursed screaming for 2 turns
 85973 | Abyss:1  | Lost mutation: You are dopey. (Int -2) [potion of cure mutation]
 85973 | Abyss:1  | Lost mutation: You are very frail (-20% HP). [potion of cure mutation]
 85973 | Abyss:1  | Lost mutation: Your magical capacity is low (-10% MP). [potion of cure mutation]
 86040 | Abyss:1  | Found a corrupted altar of Lugonu.
 86081 | Depths:3 | Escaped the Abyss
 86158 | Depths:2 | Lost mutation: You are partially covered in iridescent scales (AC +4). [potion of cure mutation]
 86158 | Depths:2 | Lost mutation: You are frail (-10% HP). [potion of cure mutation]
 86158 | Depths:2 | Lost mutation: You expend magic power (3 MP) to strengthen your wands. [potion of cure mutation]
 86226 | Geh:1    | Entered Level 1 of Gehenna
 86540 | Geh:5    | Received a gift from Okawaru
 86655 | Geh:7    | Entered Level 7 of Gehenna
 87280 | Geh:7    | Received a gift from Okawaru
 87431 | Geh:7    | Identified the Tome of Unholy Enhancements
 87438 | Geh:7    | Learned a level 3 spell: Ozocubu's Armour
 87477 | Geh:7    | Noticed Asmodeus
 87507 | Geh:7    | Killed Asmodeus
 87507 | Geh:7    | Reached skill level 10 in Translocations
 87507 | Geh:7    | Reached skill level 1 in Ice Magic
 87511 | Geh:7    | Got an obsidian rune of Zot
 87715 | Coc:1    | Entered Level 1 of Cocytus
 88071 | Coc:4    | Received a gift from Okawaru
 88306 | Coc:4    | Reached skill level 10 in Charms
 88457 | Coc:4    | Received a gift from Okawaru
 88850 | Coc:7    | Entered Level 7 of Cocytus
 89269 | Coc:7    | Paralysed by an eldritch tentacle for 5 turns
 89273 | Coc:7    | Cast into level 3 of the Abyss (reaper)
 89278 | Abyss:3  | Identified Jewniuj's Disquisition on the Frostbite (You found it on level 3 of the Abyss)
 89296 | Coc:7    | Escaped the Abyss
 89442 | Coc:7    | Gained mutation: You possess an exceptional clarity of mind. [mutagenic glow]
 89556 | Coc:7    | Gained mutation: You are frail (-10% HP). [mutagenic glow]
 89793 | Coc:7    | Noticed Antaeus
 89871 | Coc:7    | Received a gift from Okawaru
 89903 | Coc:7    | Killed Antaeus
 90108 | Coc:7    | Got an icy rune of Zot
 90261 | Coc:7    | Got a brightly glowing platinum ring
 90262 | Coc:7    | Identified the ring of Wayts {Int+2 Dex+7 SInv} (You found it on level 7 of Cocytus)
 90479 | Depths:2 | Bought an uncursed ring of sustain attributes for 262 gold pieces
 90546 | Tar:1    | Entered Level 1 of Tartarus
 91128 | Tar:3    | Received a gift from Okawaru
 91617 | Tar:7    | Entered Level 7 of Tartarus
 91745 | Tar:7    | Identified the Handbook of Calling and Bewitchment
 91769 | Tar:7    | Received a gift from Okawaru
 91769 | Tar:7    | Reached skill level 15 in Armour
 92241 | Tar:7    | Noticed an ancient lich
 92283 | Tar:7    | Killed an ancient lich
 92283 | Tar:7    | Received a gift from Okawaru
 92518 | Tar:7    | Noticed the Serpent of Hell
 92563 | Tar:7    | Killed the Serpent of Hell
 92620 | Tar:7    | Noticed Ereshkigal
 92667 | Tar:7    | Killed Ereshkigal
 93034 | Tar:7    | Got a pair of dazzling gloves
 93197 | Tar:7    | Got a bone rune of Zot
 93289 | Hell     | Identified the +1 pair of gloves "Izeu" {Dex+3} (You found it on level 7 of Tartarus)
 93348 | Dis:1    | Entered Level 1 of the Iron City of Dis
 93729 | Dis:1    | Received a gift from Okawaru
 94458 | Dis:4    | Received a gift from Okawaru
 94461 | Dis:4    | Got a slimy plate armour {god gift}
 95300 | Dis:7    | Entered Level 7 of the Iron City of Dis
 97309 | Dis:7    | Received a gift from Okawaru
 97713 | Dis:7    | Gained mutation: You are very frail (-20% HP). [mutagenic glow]
 97927 | Dis:7    | Received a gift from Okawaru
 97960 | Dis:7    | Got a translucent shortbow {god gift}
 97961 | Dis:7    | Identified the +3 shortbow of the Spectre {venom, rPois rC+ rN+ Str-3 Int+2} (Okawaru gifted it to you on level 7 of the Iron City of Dis)
 98141 | Dis:7    | Got a glittering ivory ring
 98145 | Dis:7    | Identified the ring of Aleinud {MR+ Dex+6} (You found it on level 7 of the Iron City of Dis)
 98183 | Dis:7    | Identified the Grimoire of Conjuration
 98221 | Dis:7    | Noticed Dispater
 98298 | Dis:7    | Killed Dispater
 98305 | Dis:7    | Lost mutation: You are very frail (-20% HP). [potion of cure mutation]
 98305 | Dis:7    | Lost mutation: You are frail (-10% HP). [potion of cure mutation]
 98305 | Dis:7    | Lost mutation: You possess an exceptional clarity of mind. [potion of cure mutation]
 98595 | Dis:7    | Received a gift from Okawaru
 98669 | Dis:7    | Got an iron rune of Zot
 99473 | Tomb:1   | Entered Level 1 of the Tomb of the Ancients
 99593 | Tomb:1   | Received a gift from Okawaru
 99874 | Tomb:1   | Identified the +6 plate armour of the Lost Blessings {*Drain rPois rCorr Dex+2} (Okawaru gifted it to you on level 4 of the Iron City of Dis)
100151 | Tomb:1   | Noticed a greater mummy
100235 | Tomb:1   | Killed a greater mummy
100255 | Tomb:1   | Noticed a greater mummy
100455 | Tomb:1   | Killed a greater mummy
100471 | Tomb:1   | Received a gift from Okawaru
100476 | Tomb:1   | Got a jewelled steam dragon armour {god gift}
100494 | Tomb:1   | Identified the +1 steam dragon armour "Daefos" {rElec} (Okawaru gifted it to you on level 1 of the Tomb of the Ancients)
100973 | Tomb:1   | Noticed an ancient lich
100990 | Tomb:1   | Killed an ancient lich
101350 | Tomb:2   | Noticed a greater mummy
101350 | Tomb:2   | Noticed a greater mummy
101353 | Tomb:2   | Noticed a greater mummy
101609 | Tomb:2   | Noticed a greater mummy
101984 | Tomb:1   | Killed a greater mummy
102431 | Tomb:1   | Killed a greater mummy
102666 | Tomb:1   | Killed a greater mummy
102783 | Tomb:2   | Killed a greater mummy
103232 | Tomb:1   | Noticed a greater mummy
103246 | Tomb:1   | Noticed a greater mummy
103445 | Tomb:1   | Noticed a greater mummy
103452 | Tomb:2   | Killed a greater mummy
103752 | Tomb:1   | Killed a greater mummy
103757 | Tomb:1   | Killed a greater mummy
103923 | Tomb:1   | Noticed a greater mummy
103931 | Tomb:1   | Noticed a greater mummy
103933 | Tomb:1   | Killed a greater mummy
103959 | Tomb:2   | Killed a greater mummy
104146 | Tomb:1   | Noticed a greater mummy
104160 | Tomb:1   | Killed a greater mummy
104160 | Tomb:1   | Received a gift from Okawaru
104245 | Tomb:1   | Noticed a greater mummy
104285 | Tomb:1   | Killed a greater mummy
104334 | Tomb:1   | Noticed a greater mummy
104346 | Tomb:1   | Killed a greater mummy
104542 | Tomb:1   | Noticed a greater mummy
104555 | Tomb:1   | Killed a greater mummy
104564 | Tomb:1   | Noticed a greater mummy
104581 | Tomb:1   | Killed a greater mummy
104621 | Tomb:1   | Noticed a greater mummy
104632 | Tomb:1   | Killed a greater mummy
104683 | Tomb:1   | Noticed a greater mummy
104683 | Tomb:1   | Noticed a greater mummy
104751 | Tomb:1   | Killed a greater mummy
104764 | Tomb:1   | Killed a greater mummy
104812 | Tomb:1   | Noticed Khufu
104833 | Tomb:1   | Killed Khufu
105167 | Tomb:3   | Entered Level 3 of the Tomb of the Ancients
105197 | Tomb:3   | Noticed a greater mummy
105467 | Tomb:2   | Killed a greater mummy
105572 | Tomb:3   | Noticed a greater mummy
105572 | Tomb:3   | Noticed a greater mummy
105992 | Tomb:3   | Noticed a greater mummy
106225 | Tomb:2   | Killed a greater mummy
106487 | Tomb:2   | Killed a greater mummy
106487 | Tomb:2   | Received a gift from Okawaru
106522 | Tomb:2   | Killed a greater mummy
106713 | Tomb:3   | Received a gift from Okawaru
106736 | Tomb:3   | Noticed an ancient lich
106744 | Tomb:3   | Killed an ancient lich
106764 | Tomb:3   | Noticed a greater mummy
106907 | Tomb:3   | Killed a greater mummy
106911 | Tomb:3   | Noticed a greater mummy
106967 | Tomb:3   | Noticed a greater mummy
107151 | Tomb:3   | Killed a greater mummy
107397 | Tomb:3   | Killed a greater mummy
107676 | Tomb:3   | Noticed a greater mummy
107702 | Tomb:3   | Killed a greater mummy
107841 | Tomb:3   | Got a golden rune of Zot
107932 | Tomb:3   | Identified the Compendium of Companions and Transmutation
108170 | Tomb:3   | Got a heavily runed lapis lazuli ring
108177 | Tomb:3   | Identified the ring "Uceosir" {SustAt Str+4} (You found it on level 3 of the Tomb of the Ancients)
108187 | Tomb:3   | Identified Qeibrab's Incunabulum of Freezing Air
109012 | Zot:1    | Entered Level 1 of the Realm of Zot
109253 | Zot:3    | Received a gift from Okawaru
109253 | Zot:3    | Reached skill level 27 in Bows
109372 | Zot:3    | Noticed an orb of fire
109381 | Zot:3    | Gained mutation: You tend to lose your temper in combat. [an orb of fire]
109392 | Zot:3    | Killed an orb of fire
109657 | Zot:4    | Reached skill level 27 in Fighting
109666 | Zot:5    | Entered Level 5 of the Realm of Zot
109998 | Zot:5    | Noticed an ancient lich
110003 | Zot:5    | Killed an ancient lich
110218 | Zot:5    | Noticed an ancient lich
110219 | Zot:5    | Noticed an orb of fire
110235 | Zot:5    | Killed an ancient lich
110236 | Zot:5    | Gained mutation: Scrolls take you a little longer to read. [an orb of fire]
110241 | Zot:5    | Noticed an orb of fire
110243 | Zot:5    | Received a gift from Okawaru
110253 | Zot:5    | Killed an orb of fire
110259 | Zot:5    | Killed an orb of fire
110491 | Zot:5    | Noticed an orb of fire
110520 | Zot:5    | Killed an orb of fire
110960 | Zot:5    | Got the Orb of Zot
111015 | Zot:5    | Noticed an ancient lich
111036 | Zot:4    | Lost mutation: You tend to lose your temper in combat. [potion of cure mutation]
111036 | Zot:4    | Lost mutation: Scrolls take you a little longer to read. [potion of cure mutation]
111255 | Depths:1 | Noticed Ukkat the pandemonium lord
111266 | Depths:1 | Killed Ukkat the pandemonium lord
111344 | D:14     | Received a gift from Okawaru
111424 | D:10     | Noticed Haxkos the pandemonium lord
111689 | D:$      | Escaped with the Orb!

Skill      XL: |  1  2  3  4  5  6  7  8  9 10 11 12 13 14 15 16 17 18 19 20 21 22 23 24 25 26 27 |
---------------+----------------------------------------------------------------------------------+-----
Fighting       | 3 4 5 6 7 8 10 11 12 13 14 15 16 17 18 19 27 | 27.0
Bows           | 6 7 8 10 11 13 15 16 18 19 20 27 | 27.0
Armour         | 1 2 3 5 7 8 9 10 11 19 | 19.8
Dodging        | 3 4 5 7 8 9 10 11 22 | 22.0
Invocations    | 4 8 10 | 10.6
Axes           | 2 7 10 13 16 18 21 22 23 24 27 | 27.0
Air Magic      | 5 7 9 13 | 13.0
Hexes          | 5 7 9 13 | 13.0
Spellcasting   | 4 6 8 14 | 14.1
Charms         | 1 3 10 | 10.1
Necromancy     | 9 |  9.1
Translocations | 10 | 10.1
Ice Magic      | 1 |  1.4
Stealth        | |  0.5

Action                   |  1- 3 |  4- 6 |  7- 9 | 10-12 | 13-15 | 16-18 | 19-21 | 22-24 | 25-27 || total
-------------------------+-------+-------+-------+-------+-------+-------+-------+-------+-------++-------
Melee: Spear             |       |    16 |       |       |       |       |       |       |       ||    16
       Kick              |       |     5 |     5 |     5 |    22 |    55 |    31 |    47 |  2417 ||  2587
       Trident           |       |       |    48 |    30 |       |       |       |       |       ||    78
       War axe           |       |       |       |    15 |       |       |       |       |       ||    15
       Battleaxe         |       |       |       |       |    34 |    67 |       |       |  1549 ||  1650
       Longbow           |       |       |       |       |     1 |       |       |     2 |     8 ||    11
       Executioner's axe |       |       |       |       |       |    47 |    55 |    93 |  4435 ||  4630
       Headbutt          |       |       |       |       |       |       |       |       |   377 ||   377
 Fire: Shortbow          |    83 |   138 |   424 |  1651 |    76 |       |       |       |       ||  2372
       Hunting sling     |       |    35 |     2 |     4 |       |       |       |       |       ||    41
       Longbow           |       |       |       |       |  1600 |  1835 |  1018 |  1708 |  4620 || 10781
Throw: Stone             |       |       |     7 |       |       |       |       |       |       ||     7
 Cast: Regeneration      |       |       |       |       |       |       |       |       |   192 ||   192
       Repel Missiles    |       |       |       |       |       |       |       |       |    21 ||    21
       Passage of Golubr |       |       |       |       |       |       |       |       |    16 ||    16
       Silence           |       |       |       |       |       |       |       |       |     5 ||     5
Invok: Heroism           |       |       |     1 |       |       |     6 |     1 |     2 |    29 ||    39
       Finesse           |       |       |       |       |       |     4 |       |       |    43 ||    47
Evoke: Wand              |       |       |       |     7 |       |     2 |     6 |     2 |    52 ||    69
       Phial of floods   |       |       |       |       |       |     1 |       |       |     1 ||     2
  Use: Scroll            |       |    11 |     3 |    11 |    11 |     8 |    11 |    10 |    92 ||   157
       Potion            |       |       |     3 |     3 |     4 |     8 |     2 |     1 |   114 ||   135
 Stab: Distracted        |       |       |       |       |       |       |       |       |     5 ||     5
       Confused          |       |       |       |       |       |       |       |       |     1 ||     1
  Eat: Chunk             |       |     5 |    10 |    23 |    13 |     6 |     6 |    11 |     3 ||    77
       Fruit             |       |       |     2 |       |       |       |       |       |    61 ||    63
       Pizza             |       |       |     1 |       |     5 |     8 |     2 |     2 |     5 ||    23
       Beef jerky        |       |       |       |       |     5 |     1 |       |     4 |     5 ||    15
       Royal jelly       |       |       |       |       |     1 |     3 |     1 |       |     3 ||     8
       Meat ration       |       |       |       |       |       |     1 |       |       |       ||     1
       Bread ration      |       |       |       |       |       |       |     1 |     2 |    24 ||    27
Armor: Leather armour    |    22 |     1 |       |       |       |       |       |       |       ||    23
       Ring mail         |       |    40 |    68 |   362 |   163 |       |       |       |       ||   633
       Skin              |       |       |    13 |    32 |       |       |       |       |    54 ||    99
       Plate armour      |       |       |       |       |   568 |   967 |   319 |   233 |       ||  2087
       Crystal plate arm |       |       |       |       |       |       |       |   217 |  1367 ||  1584
       Pearl dragon armo |       |       |       |       |       |       |       |       |  3113 ||  3113
Dodge: Dodged            |     8 |    27 |    57 |   218 |   262 |   510 |   144 |   180 |  5931 ||  7337
       Deflected         |       |       |       |       |       |       |       |       |    78 ||    78
